 Dungeon Crawl Stone Soup version 0.26-a0-969-g2c58977ddd (webtiles) character file.

Game seed: 13821719893012357829

2603 PentaManta the Basher (level 9, -4/54 HPs)
             Began as a Gargoyle Monk on Dec 4, 2020.
             Was a Believer of Okawaru.
             Slain by a vampire (8 damage)
             ... on level 8 of the Dungeon.
             The game lasted 00:14:14 (9674 turns).

PentaManta the Basher (Gargoyle Monk)               Turns: 9674, Time: 00:14:15

Health: -4/54      AC: 20    Str: 18    XL:     9   Next: 59%
Magic:  9/9        EV: 13    Int: 11    God:    Okawaru [**....]
Gold:   408        SH:  0    Dex: 18    Spells: 8/8 levels left

rFire    . . .     SeeInvis .   G - +0 morningstar
rCold    . . .     Faith    .   (no shield)
rNeg     + . .     Spirit   .   y - +0 swamp dragon scales
rPois    ∞         Reflect  .   r - +1 helmet
rElec    +         Harm     .   F - +1 cloak
rCorr    .         Rampage  .   (no gloves)
MR       .....                  c - +0 pair of boots
Stlth    ++........             (no amulet)
HPRegen  0.18/turn              q - +6 ring of dexterity
MPRegen  0.11/turn              (no ring)

@: mighty
A: negative energy resistance 1, electricity resistance, unbreathing,
petrification resistance, rot immunity, AC +6
a: Heroism, Renounce Religion


You were on level 8 of the Dungeon.
You worshipped Okawaru.
Okawaru was pleased with you.
You visited 2 branches of the dungeon, and saw 9 of its levels.

You collected 408 gold pieces.

Inventory:

Hand Weapons
 a - a +0 mace
 e - a +0 whip
 j - a +0 hunting sling
 G - a +0 morningstar (weapon)
Missiles
 k - 67 sling bullets
 A - 17 poisoned darts (quivered)
Armour
 c - a +0 pair of boots (worn)
 d - a +0 chain mail
 r - a +1 helmet (worn)
 y - +0 swamp dragon scales (worn)
 F - a +1 cloak (worn)
Jewellery
 q - a +6 ring of dexterity (left hand)
 w - an uncursed ring of fire
Wands
 u - a wand of random effects (27)
 J - a wand of polymorph (9)
Scrolls
 b - a scroll of blinking {unknown}
 f - 5 scrolls of remove curse {unknown}
 g - 2 scrolls of enchant armour {unknown}
 h - 8 scrolls of identify {unknown}
 i - a scroll of noise {unknown}
 l - 5 scrolls of enchant weapon {unknown}
 m - 2 scrolls of immolation {unknown}
 o - a scroll of fear {unknown}
 p - a scroll of teleportation {unknown}
 s - 2 scrolls of amnesia {unknown}
 v - 4 scrolls of magic mapping {unknown}
 I - a scroll of vulnerability {unknown}
Potions
 n - 3 potions of flight {unknown}
 t - 2 potions of might
 x - 2 potions of lignification {unknown}
 z - a potion of curing {unknown}
 B - a potion of heal wounds {unknown}
 C - a potion of invisibility
 D - a potion of ambrosia {unknown}
 E - a potion of degeneration {unknown}
 H - a potion of resistance {unknown}


   Skills:
 + Level 5.3 Fighting
 + Level 11.1 Maces & Flails
 + Level 4.0 Armour
 + Level 4.0 Dodging
 - Level 2.1 Stealth


You had 8 spell levels left.
You didn't know any spells.
Your spell library contained the following spells:

 Spells                   Type           Power        Failure   Level
 Beastly Appendage        Tmut           #.....       52%         1
 Sandblast                Erth           #.....       52%         1
 Passwall                 Tmut/Erth      #.......     67%         2
 Wereblood                Tmut           #.......     67%         2
 Spider Form              Tmut/Pois      #.........   88%         3
 Stone Arrow              Conj/Erth      #.....       88%         3
 Ice Form                 Ice/Tmut       #.......     99%         4
 Petrify                  Tmut/Erth      #.......     99%         4
 Blade Hands              Tmut           #.........   100%        5
 Lee's Rapid Deconstruct  Erth           #.........   100%        5


Dungeon Overview and Level Annotations

Branches:
Dungeon (8/15)             Temple (1/1) D:7
   Lair: D:8-11

Altars:
Cheibriados
Elyvilon
Gozag
Hepliaklqana
Kikubaaqudgha
Makhleb
Nemelex Xobeh
Okawaru
Qazlal
Ru
Sif Muna
Trog
Uskayaw
Vehumet
Wu Jian
Xom
Zin
The Shining One

Shops:
D:7 =


Innate Abilities, Weirdness & Mutations

You are resistant to torment.
Your stone body is resilient. (AC +6)
You are immune to poison.
You resist negative energy. (rN+)
You are resistant to electric shocks. (rElec)
You can survive without breathing.
You are immune to petrification.
You are immune to rotting.


Message History

Something bites you but does no damage.
You miss something. Something hits you but does no damage.
Something bites you but does no damage.
You puncture something!
The phantom hits you but does no damage.
You hit something but do no damage. Something barely misses you.
Something bites you.
* * * LOW HITPOINT WARNING * * *
The phantom barely misses you.
You sock something! Something hits you but does no damage. Something bites you!
* * * LOW HITPOINT WARNING * * *
The phantom hits you but does no damage.
It was a potion of might.
You feel very mighty all of a sudden. Something hits you but does no damage.
Something bites you but does no damage. The phantom hits you.
* * * LOW HITPOINT WARNING * * *
The phantom blinks!
You miss something. Something hits you but does no damage. Something bites you!
You die...

.....# ##.#...........###........
...... #............[..##........
.........#............>..........
#. #....................... #
#....#.#................
..........##..............
..###.###.................
#.#.... #..##.............
#.⌠.⌠.#@## ..........#..
....⌠..§{# .##..........
.#.⌠.⌠.#!....# #.....#........
###.# ###.###.. ..? .. #.. ... ."
... .o#.


There were no monsters in sight!

Vanquished Creatures
  Maggie (D:6)
  2 ice beasts
  3 sky beasts
  2 black bears
  2 phantoms
  2 ogres
  A centaur (D:5)
  3 bullfrogs
  2 scorpions
  A water moccasin skeleton (D:8)
  3 wights (D:6)
  A howler monkey (D:5)
  A bullfrog zombie (D:7)
  2 hounds
  A jelly (D:8)
  3 orc priests
  2 orc wizards
  3 iron imps (D:7)
  An iguana (D:6)
  5 worker ants
  A hound zombie (D:8)
  A hound skeleton (D:4)
  10 adders
  A shadow imp (D:8)
  A white imp (D:7)
  2 ufetubi
  2 oozes
  An adder zombie (D:8)
  An adder skeleton (D:5)
  2 worms (D:2)
  5 leopard geckos
  12 orcs
  A ball python (D:3)
  4 giant cockroaches
  8 goblins
  9 hobgoblins
  14 jackals
  5 kobolds
  3 quokkas
  7 bats
  6 frilled lizards
  2 quokka skeletons (D:4)
  A quokka zombie (D:6)
  9 rats
149 creatures vanquished.

Notes
Turn   | Place    | Note
-------+----------+-------------------------------------------
     0 | D:1      | PentaManta the Gargoyle Monk began the quest for the Orb.
     0 | D:1      | Reached XP level 1. HP: 14/14 MP: 1/1
   437 | D:1      | Reached XP level 2. HP: 19/19 MP: 2/2
  1055 | D:1      | Reached skill level 4 in Maces & Flails
  1151 | D:1      | Reached XP level 3. HP: 17/23 MP: 3/3
  2001 | D:2      | Reached XP level 4. HP: 19/28 MP: 4/4
  2434 | D:2      | Reached skill level 5 in Maces & Flails
  3008 | D:3      | Found a shimmering altar of Xom.
  3009 | D:3      | Found a hazy altar of Hepliaklqana.
  3010 | D:3      | Noticed a spectral ugly thing
  3236 | D:3      | Reached XP level 5. HP: 22/32 MP: 5/5
  3417 | D:3      | Found a stormy altar of Qazlal.
  3533 | D:3      | Found a glowing golden altar of the Shining One.
  3823 | D:4      | Reached skill level 6 in Maces & Flails
  4018 | D:4      | Found a hide-covered altar of Uskayaw.
  4307 | D:4      | Reached XP level 6. HP: 37/37 MP: 6/6
  4835 | D:5      | Entered Level 5 of the Dungeon
  4954 | D:5      | Reached skill level 7 in Maces & Flails
  5103 | D:5      | Noticed an ice beast
  5346 | D:5      | You fall into a shaft and drop 1 floor!
  5347 | D:6      | Noticed a sky beast
  5371 | D:6      | Killed a sky beast
  5479 | D:6      | Noticed a phantom
  5754 | D:5      | Reached XP level 7. HP: 33/41 MP: 7/7
  5855 | D:5      | Reached skill level 8 in Maces & Flails
  6534 | D:6      | Reached skill level 9 in Maces & Flails
  6609 | D:6      | Reached XP level 8. HP: 26/46 MP: 8/8
  6754 | D:6      | Noticed Maggie
  6770 | D:6      | Killed Maggie
  6771 | D:6      | Reached skill level 10 in Maces & Flails
  7301 | D:6      | Reached skill level 1 in Armour
  7884 | D:6      | Found an ancient bone altar of Kikubaaqudgha.
  7917 | D:7      | Found a staircase to the Ecumenical Temple.
  7939 | D:6      | Reached XP level 9. HP: 43/52 MP: 9/9
  8024 | Temple   | Entered the Ecumenical Temple
  8371 | D:7      | Found Coly's Jewellery Emporium.
  8546 | D:7      | Found an iron altar of Okawaru.
  8572 | D:7      | Became a worshipper of Warmaster Okawaru
  8572 | D:7      | Reached * piety under Okawaru
  8572 | D:7      | Reached ** piety under Okawaru
  8661 | D:7      | Found a sacrificial altar of Ru.
  8933 | D:7      | Found a burning altar of Makhleb.
  9134 | D:7      | Found an opulent altar of Gozag.
  9328 | D:8      | Reached skill level 5 in Fighting
  9328 | D:8      | Reached skill level 11 in Maces & Flails
  9674 | D:8      | Slain by a vampire

Illustrated notes

Levels and vault maps discovered:
D:1:      psy_arrival_spokes, layout_basic
D:2:      minmay_wonky_spiral, layout_basic, minmay_bisected
D:3:      layout_basic, regret_index_temple_of_mockery, tso_altar,
          nicolae_qazlal_eye_of_the_storm
D:4:      layout_loops_cross, old_standard_altar
D:5:      layout_loops_corners, marbit_many_paths, st_stairs_9, minmay_between
D:6:      layout_basic, general_overflow_altar, uniq_maggie
D:7:      layout_basic, kennysheep_little_box, demons_altar,
          nicolae_ru_the_path_less_chosen, okawaru_trees_2,
          minmay_temple_entry_mini_moons, serial_shops,
          nicolae_shop_competitors_out_of_business
D:8:      layout_cave_pools, minmay_chambers_of_fives
Temple:   jpeg_temple_island

Skill      XL: |  1  2  3  4  5  6  7  8  9 |
---------------+----------------------------+-----
Maces & Flails | 4 5 6 7 9 10 11 | 11.1
Armour         | 2 4 |  4.0
Fighting       | 4 5 |  5.3
Dodging        | 3 4 |  4.0
Stealth        | |  2.1

Action                   |  1- 3 |  4- 6 |  7- 9 || total
-------------------------+-------+-------+-------++-------
Melee: Dagger            |    25 |       |       ||    25
       Mace              |     3 |    12 |   190 ||   205
       Whip              |   145 |   338 |    70 ||   553
       Morningstar       |       |       |   128 ||   128
Throw: Dart              |       |       |     3 ||     3
Evoke: Wand              |       |       |     9 ||     9
  Use: Potion            |       |       |     1 ||     1
 Stab: Sleeping          |     7 |     3 |     2 ||    12
Armor: Robe              |    34 |       |       ||    34
       Ring mail         |    39 |   189 |    52 ||   280
       Swamp dragon scal |       |       |   153 ||   153
Dodge: Dodged            |   114 |   219 |   227 ||   560

Table legend: (Time is in decaauts)
 A = Elapsed time spent in this place.
 B = Non-inter-level travel time spent in this place.
 C = Inter-level travel time spent in this place.
 D = Time resting spent in this place.
 E = Time spent auto-exploring this place.
 F = Levels seen in this place.
 G = Mean time per level.
                   A        B        C        D        E       F      G
               +--------+--------+--------+--------+--------+-----+--------+
         Total |   9580 |   9337 |    243 |    606 |   7169 |   9 | 1064.4 |
       Dungeon |   9209 |   8976 |    233 |    606 |   6835 |   8 | 1151.1 |
        Temple |    370 |    360 |     10 |      0 |    334 |   1 |  370.0 |
               +--------+--------+--------+--------+--------+-----+--------+

Top non-repeatable levels by time:
     D:6: 1798 daAuts
     D:1: 1582 daAuts
     D:5: 1285 daAuts
     D:2: 1219 daAuts
     D:7: 1010 daAuts
     D:4: 997 daAuts
     D:3: 969 daAuts
  Temple: 370 daAuts
     D:8: 347 daAuts
